 Dungeon Crawl Stone Soup version 0.30-a0-920-g7493c07aab (webtiles) character file.

Game seed: 9074035436423179172

2555 jimonade the Basher (level 9, -14/69 HPs)
             Began as a Formicid Fighter on Mar 21, 2023.
             Demolished by a skeletal warrior
             ... wielding a +0 war axe
              (23 damage)
             ... on level 7 of the Dungeon.
             The game lasted 00:21:46 (6005 turns).

jimonade the Basher (Formicid Fighter)              Turns: 6005, Time: 00:21:47

Health: -14/69     AC: 11    Str: 24    XL:     9   Next: 86%
Magic:  18/18      EV:  8    Int:  7    God:
Gold:   306        SH:  6    Dex: 13    Spells: 8/8 levels left

rFire   . . .      SeeInvis +    a - +7 whip of Lies {vamp, Will++ Str+3 Int-5}
rCold   . . .      Faith    .    c - +1 buckler
rNeg    . . .      Spirit   .    F - +0 chain mail
rPois   .          Reflect  .    (helmet unavailable)
rElec   .          Rampage  .    n - +0 cloak
rCorr   .                        (no gloves)
Will    +++..                    (no boots) Stlth
                                 (no amulet)
HPRegen 0.31/turn                q - ring of magical power
MPRegen 0.16/turn                E - ring of willpower

@: no status effects
A: permanent stasis, dig shafts and tunnels, antennae 3, four strong arms
a: Dig, Shaft Self


You were on level 7 of the Dungeon.
You visited 1 branch of the dungeon, and saw 7 of its levels.

You collected 306 gold pieces.

Inventory:

Hand Weapons
 a - the +7 whip of Lies (weapon) {vamp, Will++ Str+3 Int-5}
   (You found it on level 2 of the Dungeon)

   Str:       It affects your strength (+3).
   Int:       It affects your intelligence (-5).
   Will:      It greatly increases your willpower.
 b - a +2 flail of venom
 l - a +0 shortbow
 m - a +0 rapier
 p - a +0 trident
 D - a +0 whip
Missiles
 v - 27 poisoned darts
Armour
 c - a +1 buckler (worn)
 f - a +0 ring mail
 n - a +0 cloak (worn)
 w - a +2 robe of cold resistance
 A - a +0 scale mail
 B - a +3 leather armour
 F - a +0 chain mail (worn)
Magical Staves
 s - a staff of poison
Jewellery
 q - a ring of magical power (left hand)
 E - a ring of willpower (right hand)
Wands
 t - a wand of polymorph (4)
 y - a wand of iceblast (3) (quivered)
Scrolls
 e - 2 scrolls of enchant armour
 i - a scroll of fear
 j - a scroll of torment {unknown}
 o - 4 scrolls of enchant weapon
 C - a scroll of magic mapping {unknown}
Potions
 d - 2 potions of might
 g - 3 potions of lignification
 h - a potion of heal wounds
 k - 2 potions of resistance
 r - 2 potions of attraction
 u - a potion of curing
 x - a potion of invisibility {unknown}
 z - a potion of brilliance {unknown}


   Skills:
 + Level 6.1 Fighting
 * Level 9.2 Maces & Flails
 - Level 2.3 Polearms
 + Level 7.1 Armour
 + Level 2.0 Dodging
 - Level 0.5 Stealth
 + Level 6.0 Shields


You had 8 spell levels left.
You didn't know any spells.
Your spell library contained the following spells:

 Spells                   Type           Power      Damage    Failure   Level
 Apportation              Tloc           0%         N/A       98%         1
 Lesser Beckoning         Tloc           0%         N/A       99%         2
 Dazzling Flash           Conj/Hex       0%         N/A       100%        3
 Gell's Gravitas          Tloc           0%         N/A       100%        3
 Inner Flame              Hex/Fire       0%         N/A       100%        3
 Teleport Other           Tloc           0%         N/A       100%        3
 Cause Fear               Hex            0%         N/A       100%        4
 Agony                    Necr           0%         N/A       100%        5
 Alistair's Intoxication  Tmut/Pois      0%         N/A       100%        5
 Silence                  Hex/Air        0%         N/A       100%        5
 Discord                  Hex            0%         N/A       100%        8


Dungeon Overview and Level Annotations

Branches:
Dungeon (7/15)
 Temple: D:4-7

Altars:
Fedhas
Makhleb
Yredelemnul

Annotations:
D:4 2 runed translucent doors


Innate Abilities, Weirdness & Mutations

You cannot be hasted, slowed, berserked, paralysed or teleported.
You can dig through walls and to a lower floor.
You have a pair of large antennae on your head. (SInv)
Your four strong arms can wield two-handed weapons with a shield.


Message History

The wraith hits you! The wraith drains your vigour!
Your stasis prevents you from being slowed.
You hit the wraith.
The wraith is severely damaged.
The wraith closely misses you.
You hit the wraith.
The wraith is severely damaged.
You closely miss the wraith.
The wraith is severely damaged.
The wraith hits you. The wraith drains your vigour!
Your stasis prevents you from being slowed.
You hit the wraith but do no damage.
The wraith is severely damaged.
The wraith hits you but does no damage.
You hit the wraith but do no damage.
The wraith is severely damaged.
The wraith barely misses you.
You barely miss the wraith.
The wraith is severely damaged.
You hit the wraith.
The wraith is almost destroyed.
The wraith hits you but does no damage.
You hit the wraith but do no damage.
The wraith is almost destroyed.
The wraith hits you but does no damage.
You whack the wraith!
You destroy the wraith!
Your Dodging skill increases to level 2!
Your Shields skill increases to level 6!
You start resting.
A skeletal warrior comes into view. It is wielding a +0 war axe.
The skeletal warrior attacks as you move away!
The skeletal warrior hits you with a +0 war axe!!
* * * LOW HITPOINT WARNING * * *
A wraith comes into view.
The skeletal warrior attacks as you move away!
You block the skeletal warrior's attack.
The skeletal warrior attacks as you move away!
The skeletal warrior hits you with a +0 war axe!!
You die...

##### #.... ##.#.####
## ##
#....#..##.##..#
####....#.#..#..#
.........#.##.##
###..#.##.#.#.#
#....#z##.)##
#....##@#.#
####....##.W# #
###.)...#.#.#..#
........###.#.#..##.#
.#####...##...#######
. #.###.#......... .
#. #.†....#.#.. .
#.###.####..#### .#
.#####...## ...#.. .#


You could see a skeletal warrior and a wraith.

Vanquished Creatures
  Grinder (D:6)
  Prince Ribbit (D:6)
  Sigmund (D:6)
  3 wraiths (D:7)
  Menkaure (D:6)
  3 water moccasins
  2 centaurs
  3 kobold brigands (D:6)
  2 scorpions (D:5)
  A howler monkey (D:6)
  2 hounds
  2 jellies
  6 iguanas
  2 sleepcaps (D:6)
  2 orc wizards (D:4)
  2 hound zombies (D:4)
  3 gnolls (D:4)
  9 adders
  A white imp (D:5)
  2 ufetubi (D:5)
  A worm (D:2)
  A dart slug (D:5)
  7 orcs
  5 endoplasms
  7 giant cockroaches
  3 goblins
  6 hobgoblins
  2 quokkas
  4 ball pythons
  2 bats
  3 frilled lizards (D:1)
  14 kobolds
  7 rats
111 creatures vanquished.

Vanquished Creatures (others)
  10 fungi (D:5)
10 creatures vanquished.

Grand Total: 121 creatures vanquished

Notes
Turn   | Place    | Note
-------+----------+-------------------------------------------
     0 | D:1      | jimonade the Formicid Fighter began the quest for the Orb.
     0 | D:1      | Reached XP level 1. HP: 18/18 MP: 1/1
    78 | D:1      | Reached XP level 2. HP: 19/24 MP: 2/2
   287 | D:1      | Found a faded altar of an unknown god.
   520 | D:2      | Reached XP level 3. HP: 30/30 MP: 3/3
   709 | D:2      | Identified the +7 whip of Lies {vamp, Will++ Str+3 Int-5}
  1547 | D:3      | Reached XP level 4. HP: 37/37 MP: 4/4
  1705 | D:3      | Found a burning altar of Makhleb.
  1715 | D:3      | Reached skill level 1 in Maces & Flails
  2117 | D:4      | Reached XP level 5. HP: 42/42 MP: 5/5
  2134 | D:4      | Reached skill level 2 in Maces & Flails
  2343 | D:4      | Reached XP level 6. HP: 48/48 MP: 6/6
  2351 | D:4      | Reached skill level 3 in Maces & Flails
  2397 | D:4      | Found a large runed translucent door.
  2580 | D:4      | Found a basalt altar of Yredelemnul.
  2778 | D:4      | Found a large runed translucent door.
  3009 | D:5      | Entered Level 5 of the Dungeon
  3039 | D:5      | Reached skill level 5 in Armour
  3119 | D:5      | Reached skill level 4 in Maces & Flails
  3119 | D:5      | Reached XP level 7. HP: 36/54 MP: 7/7
  3283 | D:5      | Reached skill level 1 in Dodging
  3286 | D:5      | Noticed a water moccasin
  3300 | D:5      | Killed a water moccasin
  3303 | D:5      | Reached skill level 5 in Maces & Flails
  3759 | D:5      | Reached skill level 5 in Shields
  3759 | D:5      | Reached XP level 8. HP: 34/61 MP: 8/8
  4272 | D:6      | Noticed Prince Ribbit
  4282 | D:6      | Killed Prince Ribbit
  4283 | D:6      | Reached skill level 5 in Fighting
  4283 | D:6      | Reached skill level 6 in Maces & Flails
  4472 | D:6      | Noticed Menkaure
  4506 | D:6      | Killed Menkaure
  4654 | D:6      | Reached skill level 7 in Maces & Flails
  4971 | D:6      | Reached XP level 9. HP: 68/68 MP: 9/9
  5127 | D:6      | Found a blossoming altar of Fedhas.
  5182 | D:6      | Noticed Sigmund
  5203 | D:6      | Killed Sigmund
  5335 | D:6      | Noticed Grinder
  5344 | D:6      | Killed Grinder
  5345 | D:6      | Reached skill level 8 in Maces & Flails
  5975 | D:7      | Reached skill level 9 in Maces & Flails
  5977 | D:7      | Found the +5 scythe "Finisher" {speed, eviscerate}
  5997 | D:7      | Noticed a skeletal warrior
  6005 | D:7      | Demolished by a skeletal warrior

Illustrated notes

Levels and vault maps discovered:
D:1:      dpeg_arrival_refuge, layout_rooms,
          shapermc_ecumenical_altar_hornbeckon,
          hangedman_abyss_or_decor_lesser_grid
D:2:      layout_loops_corners, minivault_4, kennysheep_generic_room_15
D:3:      layout_rooms, mainiacjoe_overflow_small_starburst
D:4:      wad_crossroads, layout_rooms, lemuel_zombie_altar_yredelemnul,
          jmf_multi_god_temple2, serial_curves, eino_curves_01, eino_curves_03,
          eino_curves_03, eino_curves_03
D:5:      layout_rooms, serial_aquarium, aquarium_bridge_long_joined
          [aquarium_subvault_window, aquarium_subvault_bridge,
          aquarium_subvault_wall, aquarium_subvault_bridge,
          aquarium_subvault_window, aquarium_subvault_wall], aquarium_window_1,
          aquarium_window_1, aquarium_window_fake, aquarium_view_2b,
          aquarium_view_2b, aquarium_balcony_5b, patterned_corridor
D:6:      layout_cave_pods, mainiacjoe_overflow_surrounded_room,
          uniq_prince_ribbit1, uniq_sigmund, uniq_grinder, uniq_menkaure
D:7:      layout_loops_ring, minmay_temple_entry_large_hall, st_stairs_10,
          minmay_guarded_unrand_finisher

Skill      XL: |  1  2  3  4  5  6  7  8  9 |
---------------+----------------------------+-----
Armour         | 4 5 6 7 |  7.1
Maces & Flails | 1 2 4 5 7 9 |  9.2
Fighting       | 4 5 6 |  6.1
Dodging        | 1 2 |  2.0
Shields        | 5 6 |  6.0
Polearms       | |  2.3
Stealth        | |  0.5

Action                     |  1- 3 |  4- 6 |  7- 9 || total
---------------------------+-------+-------+-------++-------
  Melee: Trident           |    63 |       |       ||    63
         Whip              |    25 |    92 |   139 ||   256
         Flail             |       |     4 |    58 ||    62
  Evoke: Wand              |       |       |     1 ||     1
    Use: Scroll            |       |       |    13 ||    13
 Armour: Scale mail        |    43 |    26 |    44 ||   113
         Chain mail        |       |       |     6 ||     6
  Dodge: Dodged            |    21 |    43 |    78 ||   142
  Block: Buckler           |    19 |    17 |    48 ||    84

Table legend: (Time is in decaauts)
 A = Elapsed time spent in this place.
 B = Non-inter-level travel time spent in this place.
 C = Inter-level travel time spent in this place.
 D = Time resting spent in this place.
 E = Time spent auto-exploring this place.
 F = Levels seen in this place.
 G = Mean time per level.
                   A        B        C        D        E       F      G
               +--------+--------+--------+--------+--------+-----+--------+
         Total |   5994 |   5676 |    318 |    890 |   2861 |   7 |  856.3 |
       Dungeon |   5994 |   5676 |    318 |    890 |   2861 |   7 |  856.3 |
               +--------+--------+--------+--------+--------+-----+--------+

Top non-repeatable levels by time:
     D:5: 1411 daAuts
     D:6: 1349 daAuts
     D:2: 1050 daAuts
     D:4: 1011 daAuts
     D:1: 516 daAuts
     D:3: 453 daAuts
     D:7: 200 daAuts
